 Dungeon Crawl Stone Soup version 0.27.1-2-g3b301248ec (webtiles) character file.

Game seed: 4515558830341614852

299 Crownlay the Covert (level 6, -1/43 HPs)
             Began as an Octopode Brigand on Oct 3, 2021.
             Slain by a gnoll (8 damage)
             ... on level 2 of the Dungeon.
             The game lasted 00:05:21 (3244 turns).

Crownlay the Covert (Octopode Brigand)              Turns: 3244, Time: 00:05:21

Health: -1/43      AC:  1    Str: 11    XL:     6   Next: 36%
Magic:  6/6        EV: 13    Int: 13    God:
Gold:   95         SH:  0    Dex: 15    Spells: 5/5 levels left

rFire    + . .     SeeInvis +   a - +2 dagger
rCold    . . .     Faith    .   (no shield)
rNeg     . . .     Spirit   .   (helmet restricted)
rPois    .         Reflect  .   (no amulet)
rElec    .         Harm     .   l - ring of wizardry
rCorr    .         Rampage  .   n - ring of see invisible
Will     .....                  p - ring of protection from fire
Stlth    +++++.....             (no ring)
HPRegen  0.14/turn              (no ring)
MPRegen  0.10/turn              (no ring)
                                (no ring)
                                (no ring)

@: studying Short Blades
A: almost no armour, amphibious, 8 rings, camouflage 1, gelatinous body 1,
(nimble swimmer 1), tentacles
a: no special abilities


You were on level 2 of the Dungeon.
You visited 1 branch of the dungeon, and saw 3 of its levels.

You collected 95 gold pieces.

Inventory:

Hand Weapons
 a - a +2 dagger (weapon)
Missiles
 b - 4 poisoned darts (quivered)
 c - 8 curare-tipped darts
Armour
 o - a +0 buckler
Jewellery
 l - a ring of wizardry (left tentacle)
 n - a ring of see invisible (right tentacle)
 p - a ring of protection from fire (on tentacle)
Scrolls
 e - a scroll of identify {unknown}
 f - a scroll of magic mapping {unknown}
 j - a scroll of enchant armour {unknown}
 q - a scroll of fear {unknown}
Potions
 d - 2 potions of lignification {unknown}
 g - a potion of curing
 h - a potion of might {unknown}
 i - a potion of cancellation {unknown}
 k - a potion of mutation {unknown}
 m - a potion of attraction {unknown}


   Skills:
 * Level 3.9 Fighting
 + Level 2.5 Short Blades
 - Level 2.0 Throwing
 + Level 2.4 Dodging
 - Level 8.0 Stealth
 * Level 1.2 Shields


You had 5 spell levels left.
You didn't know any spells.
Your spell library contained the following spells:

 Spells                   Type           Power      Damage    Failure   Level
 Slow                     Hex            0%         N/A       19%         2
 Confusing Touch          Hex            0%         N/A       34%         3
 Vampiric Draining        Necr           0%         2d6       34%         3


Dungeon Overview and Level Annotations

Branches:
Dungeon (3/15)

Altars:

Annotations:
D:3 Robin


Innate Abilities, Weirdness & Mutations

You cannot wear most types of armour.
You are amphibious.
You can wear up to eight rings at the same time.
Your skin changes colour to match your surroundings (Stealth+).
Your rubbery body absorbs attacks. (AC +1, EV +1)
((You are camouflaged near water. (Stealth+)))
You have tentacles for arms and can constrict up to eight enemies at once.


Message History

You closely miss the gnoll. You grab the gnoll. You squeeze the gnoll.
The gnoll is lightly wounded.
You constrict the gnoll. The gnoll hits you with a +0 spear.
The gnoll misses you. The gnoll barely misses you.
You hit the gnoll.
The gnoll is moderately wounded.
You constrict the gnoll. The gnoll barely misses you.
The gnoll hits you with a +0 whip! The gnoll closely misses you.
You hit the gnoll but do no damage.
You squeeze the gnoll, but do no damage.
The gnoll is moderately wounded.
You constrict the gnoll. The gnoll hits you with a +0 spear!
The gnoll barely misses you.
You hit the gnoll.
The gnoll is severely wounded.
You constrict the gnoll. The gnoll completely misses you.
The gnoll hits you with a +0 spear!
You are too injured to fight recklessly!
You are too injured to fight recklessly!
You are too injured to fight recklessly!
You are too injured to fight recklessly!
You hit the gnoll but do no damage.
The gnoll is severely wounded.
You constrict the gnoll. The gnoll closely misses you.
The gnoll barely misses you. x2
You hit the gnoll.
You kill the gnoll!
The gnoll hits you with a +0 whip.
* * * LOW HITPOINT WARNING * * *
The gnoll hits you from afar with a +0 halberd.
* * * LOW HITPOINT WARNING * * *
There is an escape hatch in the ceiling here.
There is a stone staircase leading up here.
The gnoll closely misses you.
You climb upwards.
There is a stone staircase leading down here.
You hit the gnoll but do no damage. You grab the gnoll.
You constrict the gnoll, but do no damage.
The gnoll hits you with a +0 whip!
You die...

#.##.#####.###.......#
#.##.........#.......#
#.###......#.#.......# #.#
#......#.##.################
##.#
#......#.##.................
.#.#
######.#.##.################
.#.# #.#.##.#####...#
.#.########.#...g......#.#####
................@#######.†...#
.#.#####'##.#######.......##.#
.#.# #...#.# #.......##.####
.#.# #...#.# #.......##.....
.#.#
#[..#.#######.......##.####
.#.#
##.##.......+.......#######
.#.#
#.#........#.......'......
.#.#
#.#........#.......#######
...# #.#........#########


You could see a gnoll.

Vanquished Creatures
  Sigmund (D:2)
  Jessica (D:3)
  An iguana (D:3)
  A gnoll (D:3)
  2 adders
  A worm (D:2)
  9 orcs (D:3)
  2 ball pythons
  4 endoplasms
  2 giant cockroaches
  4 goblins
  4 hobgoblins (D:1)
  2 quokkas
  3 bats
  3 frilled lizards (D:1)
  5 kobolds
  4 rats
49 creatures vanquished.

Vanquished Creatures (others)
  A goblin (D:3)
  5 plants (D:2)
6 creatures vanquished.

Grand Total: 55 creatures vanquished

Notes
Turn   | Place    | Note
-------+----------+-------------------------------------------
     0 | D:1      | Crownlay the Octopode Brigand began the quest for the Orb.
     0 | D:1      | Reached XP level 1. HP: 14/14 MP: 1/1
   355 | D:1      | Reached XP level 2. HP: 19/19 MP: 2/2
   412 | D:1      | Reached skill level 6 in Stealth
   967 | D:2      | You fall into a shaft and drop 1 floor!
   975 | D:3      | Noticed Robin
  1040 | D:2      | Reached XP level 3. HP: 19/24 MP: 3/3
  1262 | D:2      | Reached skill level 7 in Stealth
  1449 | D:2      | Noticed Sigmund
  1468 | D:1      | HP: 1/24 [hobgoblin (2)]
  1762 | D:2      | Killed Sigmund
  1763 | D:2      | Reached skill level 8 in Stealth
  1763 | D:2      | Reached XP level 4. HP: 9/31 MP: 4/4
  1763 | D:2      | Reached XP level 5. HP: 10/36 MP: 5/5
  2758 | D:3      | Reached XP level 6. HP: 35/42 MP: 6/6
  2995 | D:3      | Noticed Jessica
  3003 | D:3      | Killed Jessica
  3004 | D:3      | Reached skill level 1 in Shields
  3244 | D:2      | Slain by a gnoll

Illustrated notes

Levels and vault maps discovered:
D:1:      matt_arrival_los_fun, layout_rooms, roderic_lattice_a,
          hangedman_decor_clover_reticule, chequers_avenue,
          minmay_misc_feat_plants, minivault_27, minmay_misc_feat_tiny
D:2:      layout_basic, serial_bayou_pond_b, uniq_sigmund
D:3:      layout_basic, uniq_jessica, uniq_terence, uniq_robin

Skill      XL: |  1  2  3  4  5  6 |
---------------+-------------------+-----
Stealth        | 6 8 |  8.0
Fighting       | 3 |  3.9
Dodging        | 2 |  2.4
Shields        | 1 |  1.2
Short Blades   | |  2.5
Throwing       | |  2.0

Action                   |  1- 3 |  4- 6 || total
-------------------------+-------+-------++-------
Melee: Dagger            |    47 |    56 ||   103
       Constrict         |    10 |    15 ||    25
       Tentacles         |    12 |    16 ||    28
Throw: Dart              |       |     5 ||     5
 Stab: Sleeping          |    13 |     4 ||    17
Armor: Skin              |     2 |       ||     2
Dodge: Dodged            |    18 |    34 ||    52
